 Dungeon Crawl Stone Soup version 0.32-a0-42-ga30500b (webtiles) character file.

Game seed: 7870150610043865790

261 Dorkslayer the Ruffian (level 6, 0/39 HPs)
             Began as an Octopode Shapeshifter on Jan 27, 2024.
             Was a Follower of Dithmenos.
             Splashed by a jelly's acid (4 damage)
             ... on level 5 of the Dungeon.
             The game lasted 00:08:48 (2957 turns).

Dorkslayer the Ruffian (Octopode Shapeshifter)      Turns: 2957, Time: 00:08:48

Health: 0/39       AC: -3    Str: 15    XL:     6   Next: 18%
Magic:  6/6        EV: 12    Int: 13    God:    Dithmenos [*.....]
Gold:   196        SH:  4    Dex: 11    Spells: 5/5 levels left

rFire   . .          .
                       - Unarmed
rCold   . . .        i - +0 buckler
rNeg    . . .        (helmet currently unavailable)
rPois   +            e - amulet of magic regeneration
rElec   .            t - ring of poison resistance
rCorr   .            (no ring)
SInv    .            (no ring)
Will    .....        (no ring)
Stlth   +++          (no ring)
HPRegen 0.26/turn    (no ring)
MPRegen 0.50/turn    (no ring)
                     (no ring)

%: no passive effects
@: beast-form, corroded, wreathed by umbra
A: beast (slay +2), almost no armour, amphibious, 8 rings, camouflage 1,
gelatinous body 1, (nimble swimmer 1), tentacles
a: Begin Untransformation, Renounce Religion


You were on level 5 of the Dungeon.
You worshipped Dithmenos.
Dithmenos was aware of your devotion.
You were a hulking beast.
You visited 1 branch of the dungeon, and saw 5 of its levels.

You collected 196 gold pieces.

Inventory:

Hand Weapons
 j - a +0 hand axe
Missiles
 l - a throwing net (quivered)
 u - a boomerang
Armour
 i - a +0 buckler (worn)
Jewellery
 e - an amulet of magic regeneration (around mantle)
 t - a ring of poison resistance (left tentacle)
Talismans
 b - a beast talisman
 c - a flux talisman
Wands
 q - a wand of paralysis (7)
 r - a wand of flame (1)
 s - a wand of digging (6)
Scrolls
 g - a scroll of teleportation
 h - 2 scrolls of enchant weapon
 n - a scroll of revelation {unknown}
 o - a scroll of butterflies
 p - a scroll of enchant armour {unknown}
Potions
 a - a potion of lignification
 d - 2 potions of ambrosia
 k - a potion of enlightenment
 m - 2 potions of curing


   Skills:
 * Level 1.8 Fighting
 * Level 1.1 Axes
 * Level 2.4 Dodging
 + Level 2.4 Stealth
 * Level 1.4 Shields
 * Level 4.7 Unarmed Combat
 * Level 1.2 Evocations
 * Level 3.6 Shapeshifting


You had 5 spell levels left.
You didn't know any spells.
Your spell library was empty.

Dungeon Overview and Level Annotations

Branches:
Dungeon (5/15)
 Temple: D:4-7

Altars:
Cheibriados
Dithmenos
Hepliaklqana
Makhleb
Nemelex Xobeh
Vehumet

Shops:
D:1 *   D:2 :   D:3 =


Innate Abilities, Weirdness & Mutations

You are a hulking beast.
Your limbs bulge with bestial killing power. (Slay +2)
You cannot wear most types of armour.
You are amphibious.
You can wear up to eight rings at the same time.
Your skin changes colour to match your surroundings (Stealth+).
Your rubbery body absorbs attacks. (AC +1, EV +1)
((You are camouflaged when in or above water. (Stealth+)))
You have tentacles for arms and can constrict up to eight enemies at once.


Message History

You see here an adder corpse.
A kobold comes into view.
It is wielding a +0 short sword and quivering poisoned darts.
The kobold shouts!
You tentacle-slap the kobold. Your grab misses the kobold.
The kobold is heavily wounded.
The kobold completely misses you.
You tentacle-slap the kobold.
You kill the kobold!
Dithmenos accepts your kill.
Things that are here:
a +0 short sword; 6 poisoned darts
Things that are here:
a +0 club; a +0 ring mail Done exploring.
Things that are here:
a +0 dagger; a +0 whip; a +0 short sword
There is a stone staircase leading down here.
As you read the scroll of identify, it crumbles to dust.
o - a scroll of butterflies
Okay, then.
You climb downwards.
You hear the sound of rushing water.
There is an entrance to a sewer on this level.
Hurry and find it before the portal rusts away!
There is a stone staircase leading up here.
The jelly quivers.
You tentacle-slap the jelly.
Your tentacles burn!
The jelly is lightly wounded.
The jelly hits you. The acid corrodes you!
You are splashed with acid.
You tentacle-slap the jelly but do no damage.
Your tentacles burn!
You squeeze the jelly, but do no damage.
The jelly is lightly wounded.
The jelly closely misses you.
You tentacle-slap the jelly but do no damage.
Your tentacles burn!
You tentacle-slap the jelly.
The jelly is moderately wounded.
The jelly hits you.
You are splashed with acid!
* * * LOW HITPOINT WARNING * * *
You tentacle-slap the jelly.
Your tentacles burn!
You die...

######
......
......
######......
#...........
#..<........
#.....#####
#.....#
#...h.#
#...J.#
#.....#
#.....#
#.....#
#.....#
#.....#
#.....#


You could see a jelly.

Vanquished Creatures
  A crimson imp (D:3)
  2 jellies (D:4)
  An orc wizard (D:3)
  5 adders
  A dart slug (D:3)
  3 ribbon worms
  11 orcs
  4 ball pythons
  3 endoplasms
  A giant cockroach (D:2)
  10 goblins
  7 hobgoblins
  2 jackals (D:2)
  3 quokkas
  4 bats
  3 frilled lizards
  8 kobolds
  4 rats
73 creatures vanquished.

Notes
Turn   | Place    | Note
-------+----------+-------------------------------------------
     0 | D:1      | Dorkslayer the Octopode Shapeshifter began the quest for
                  | the Orb.
     0 | D:1      | Reached XP level 1. HP: 13/13 MP: 1/1
     2 | D:1      | Noticed an octopode
     2 | D:1      | Noticed a human
     4 | D:1      | Noticed an oni
     4 | D:1      | Noticed a formicid
     6 | D:1      | Noticed a gargoyle
     8 | D:1      | Noticed an elf
     8 | D:1      | Noticed a tengu
    10 | D:1      | Noticed a demigod
    10 | D:1      | Noticed a troll
    12 | D:1      | Noticed a djinni
    12 | D:1      | Noticed an armataur
    14 | D:1      | Noticed a naga
    17 | D:1      | Noticed a felid
    17 | D:1      | Noticed a merfolk
    19 | D:1      | Noticed a vine stalker
    19 | D:1      | Noticed a spriggan
    21 | D:1      | Noticed a ghoul
    23 | D:1      | Noticed a barachi
    25 | D:1      | Noticed a vampire
    25 | D:1      | Noticed a draconian
    27 | D:1      | Noticed a minotaur
    27 | D:1      | Noticed a demonspawn
    32 | D:1      | Found Witon's Assorted Antiques.
   148 | D:1      | Reached XP level 2. HP: 15/18 MP: 2/2
   823 | D:2      | Reached XP level 3. HP: 7/23 MP: 3/3
  1016 | D:2      | Found Neistaeha's Book Shop.
  1078 | D:2      | Reached skill level 1 in Stealth
  1469 | D:3      | Reached skill level 4 in Unarmed Combat
  1469 | D:3      | Reached XP level 4. HP: 9/28 MP: 4/4
  1475 | D:3      | Reached skill level 1 in Shields
  1500 | D:3      | Found a shadowy altar of Dithmenos.
  1523 | D:3      | Became a worshipper of Dithmenos the Shadowed
  1730 | D:3      | Found a sparkling altar of Nemelex Xobeh.
  1841 | D:3      | Found Suagettofidgh's One-of-a-Kind Rings.
  1881 | D:3      | Found a hazy altar of Hepliaklqana.
  1946 | D:3      | Found a burning altar of Makhleb.
  1946 | D:3      | Found a radiant altar of Vehumet.
  1957 | D:3      | Reached XP level 5. HP: 20/33 MP: 5/5
  2057 | D:3      | Found a snail-covered altar of Cheibriados.
  2467 | D:4      | Reached skill level 1 in Axes
  2676 | D:4      | Reached * piety under Dithmenos
  2686 | D:4      | Reached skill level 1 in Evocations
  2686 | D:4      | Reached XP level 6. HP: 39/39 MP: 6/6
  2950 | D:5      | Entered Level 5 of the Dungeon
  2957 | D:5      | Splashed by a jelly's acid

Illustrated notes

Levels and vault maps discovered:
D:1:      kb_arrival_jail, layout_loops_ring, serial_shops, shop,
          solitary_fountain
D:2:      layout_basic, serial_shops, nicolae_shop_crystal, serial_bayou_pond_b
D:3:      layout_loops_ring, grunt_temple_overflow_lords_of_destruction,
          kennysheep_slug_shrine, nzn_hepliaklqana_mist_gate,
          amcnicky_altar_gilded, nicolae_overflow_crystal_walls,
          nicolae_shop_unique_rings
D:4:      layout_rooms, kennysheep_generic_room_8
D:5:      layout_gridville, nicolae_uskayaw_suspiria, lemuel_tele_altar,
          mainiacjoe_sewer_entry_somewhere_in_here_2, serial_shops,
          kennysheep_mini_moat, shop_statue, nicolae_shop_statue_plus

Skill      XL: |  1  2  3  4  5 |
---------------+----------------+-----
Stealth        | 1 2 |  2.4
Unarmed Combat | 4 |  4.7
Shields        | 1 |  1.4
Axes           | 1 |  1.1
Evocations     | 1 |  1.2
Fighting       | |  1.8
Dodging        | |  2.4
Shapeshifting  | |  3.6

Action                     |  1- 3 |  4- 6 || total
---------------------------+-------+-------++-------
  Melee: Unarmed           |    66 |    84 ||   150
         Constrict         |    17 |    21 ||    38
         Tentacles         |     7 |    14 ||    21
         Punch             |     2 |     4 ||     6
    Use: Scroll            |     5 |     2 ||     7
         Potion            |       |     1 ||     1
   Stab: Sleeping          |     5 |     7 ||    12
 Armour: Skin              |    26 |    27 ||    53
  Dodge: Dodged            |    29 |    37 ||    66
  Block: Buckler           |    10 |    13 ||    23

Table legend: (Time is in decaauts)
 A = Elapsed time spent in this place.
 B = Non-inter-level travel time spent in this place.
 C = Inter-level travel time spent in this place.
 D = Time resting spent in this place.
 E = Time spent auto-exploring this place.
 F = Levels seen in this place.
 G = Mean time per level.
                   A        B        C        D        E       F      G
               +--------+--------+--------+--------+--------+-----+--------+
         Total |   2950 |   2931 |     19 |      0 |   1733 |   5 |  590.0 |
       Dungeon |   2950 |   2931 |     19 |      0 |   1733 |   5 |  590.0 |
               +--------+--------+--------+--------+--------+-----+--------+

Top non-repeatable levels by time:
     D:3: 1001 daAuts
     D:1: 781 daAuts
     D:2: 586 daAuts
     D:4: 574 daAuts
     D:5: 6 daAuts
